 Dungeon Crawl Stone Soup version 0.26-a0-597-gb535b0901c (webtiles) character file.

Game seed: 43570761533864293

482 HoaS the Twirler (level 7, 0/52 HPs)
             Began as a Formicid Fighter on Aug 30, 2020.
             Was an Initiate of Makhleb.
             Succumbed to kobold's curare-tipped dart
             ... on level 6 of the Dungeon.
             The game lasted 00:07:50 (3582 turns).

HoaS the Twirler (Formicid Fighter)                 Turns: 3582, Time: 00:07:50

Health: 0/52       AC: 17    Str: 22    XL:     7   Next: 34%
Magic:  7/7        EV:  5    Int:  8    God:    Makhleb [......]
Gold:   250        SH: 11    Dex: 10    Spells: 6/6 levels left

rFire    . . .     SeeInvis +   a - +0 quarterstaff
rCold    . . .     Faith    .   c - +1 kite shield
rNeg     . . .     Spirit   .   m - +1 plate armour
rPois    .         Reflect  .   (helmet unavailable)
rElec    .         Harm     .   (no cloak)
rCorr    .                      o - +2 pair of gloves
MR       .....                  b - +1 pair of boots
Stlth    ..........             (no amulet)
HPRegen  0.17/turn              h - ring of stealth
MPRegen  0.10/turn              (no ring)

@: lethally poisoned (0 -> -6)
A: permanent stasis, dig shafts and tunnels, four strong arms, antennae 3
a: Dig, Shaft Self, Renounce Religion


You were on level 6 of the Dungeon.
You worshipped Makhleb.
Makhleb was noncommittal.
You visited 2 branches of the dungeon, and saw 6 of its levels.

You collected 250 gold pieces.

Inventory:

Hand Weapons
 a - a +0 quarterstaff (weapon)
Armour
 b - a +1 pair of boots (worn)
 c - a +1 kite shield (worn)
 m - a +1 plate armour (worn)
 o - a +2 pair of gloves (worn)
Jewellery
 h - a ring of stealth (left hand)
Wands
 g - a wand of flame (11)
 p - a wand of enslavement (8)
Scrolls
 e - a scroll of identify
 q - a scroll of remove curse
Potions
 d - 3 potions of might
 f - 3 potions of curing
 i - 2 potions of lignification
 j - a potion of stabbing
 k - a potion of resistance
 l - 2 potions of heal wounds
 n - a potion of flight {unknown}
 r - a potion of cancellation {unknown}


   Skills:
 - Level 3.2 Fighting
 * Level 6.2 Staves
 - Level 3.2 Armour
 + Level 6.1 Shields


You had 6 spell levels left.
You didn't know any spells.
Your spell library was empty.

Dungeon Overview and Level Annotations

Branches:
Dungeon (6/15)             Temple (1/1) D:6

Altars:
Ashenzari
Cheibriados
Dithmenos
Elyvilon
Fedhas
Gozag
Hepliaklqana
Makhleb
Nemelex Xobeh
Okawaru
Qazlal
Sif Muna
Xom
The Shining One

Shops:
D:4 ?


Innate Abilities, Weirdness & Mutations

You cannot be hasted, slowed, berserked, paralysed or teleported.
You can dig through walls and to a lower floor.
Your four strong arms can wield two-handed weapons with a shield.
You have a pair of large antennae on your head. (SInv)


Message History

Makhleb accepts your kill.
* * * LOW HITPOINT WARNING * * *
You feel sick.
You closely miss the kobold.
* * * LOW HITPOINT WARNING * * *
You feel sick. You block the kobold's attack.
You barely miss the kobold.
* * * LOW HITPOINT WARNING * * *
You feel sick. You block the kobold's attack.
You miss the kobold.
* * * LOW HITPOINT WARNING * * *
You feel sick. You block the kobold's attack.
You sock the kobold!
You kill the kobold!
Makhleb accepts your kill.
* * * LOW HITPOINT WARNING * * *
You feel sick.
You swing at nothing.
You swing at nothing.
You die...

..† †. .. # .K .
♣.♣♣♣ # ♣.♣P## {{{
# ♣)PP## # ♣P@P.#
# #PP(P♣# #
##P♣(.## #####
##....# #....
#....## #.###
###(.P# ##.##
#...# #...# #...#
#.⌠.#
######.#######...#


There were no monsters in sight!

Vanquished Creatures
  A big kobold (D:6)
  A scorpion (D:3)
  A howler monkey (D:4)
  A centaur skeleton (D:4)
  A hound (D:4)
  An orc priest (D:4)
  Ijyb (D:3)
  8 adders
  An ooze (D:3)
  3 worms (D:2)
  2 dart slugs (D:1)
  A leopard gecko (D:1)
  12 orcs
  4 giant cockroaches
  7 goblins
  2 hobgoblins (D:2)
  10 jackals
  2 quokkas
  A ball python (D:2)
  14 bats
  6 frilled lizards
  A jackal skeleton (D:4)
  29 kobolds
  A leopard gecko skeleton (D:4)
  9 rats
120 creatures vanquished.

Vanquished Creatures (others)
  17 plants
  A withered plant (D:6)
18 creatures vanquished.

Grand Total: 138 creatures vanquished

Notes
Turn   | Place    | Note
-------+----------+-------------------------------------------
     0 | D:1      | HoaS the Formicid Fighter began the quest for the Orb.
     0 | D:1      | Reached XP level 1. HP: 18/18 MP: 1/1
    62 | D:1      | Reached XP level 2. HP: 22/24 MP: 2/2
   274 | D:1      | Reached XP level 3. HP: 23/29 MP: 3/3
  1043 | D:2      | Reached XP level 4. HP: 27/35 MP: 4/4
  1140 | D:2      | Found a hazy altar of Hepliaklqana.
  1770 | D:3      | Reached XP level 5. HP: 34/41 MP: 5/5
  1883 | D:3      | Reached skill level 5 in Shields
  2190 | D:3      | Reached XP level 6. HP: 45/47 MP: 6/6
  2208 | D:3      | Found a shattered altar of Ashenzari.
  2303 | D:3      | Found an iron altar of Okawaru.
  2439 | D:3      | Noticed Ijyb
  2454 | D:3      | Killed Ijyb
  2454 | D:3      | Reached skill level 5 in Staves
  2676 | D:4      | Found Wewkuy's Magic Scroll Shoppe.
  2690 | D:4      | Found a shadowy altar of Dithmenos.
  3056 | D:4      | Reached XP level 7. HP: 36/52 MP: 7/7
  3333 | D:4      | You fall into a shaft and drop 2 floors!
  3335 | D:6      | Found a staircase to the Ecumenical Temple.
  3383 | Temple   | Entered the Ecumenical Temple
  3444 | Temple   | Became a worshipper of Makhleb the Destroyer
  3579 | D:6      | HP: 2/52 [poisoned by kobold (curare-tipped dart)]
  3582 | D:6      | Succumbed to kobold's curare-tipped dart

Illustrated notes

Levels and vault maps discovered:
D:1:      kennysheep_arrival_forest, layout_basic, hangedman_decor_push,
          chequers_big_river, due_unseen_surprise
D:2:      layout_basic, lemuel_round_altar
D:3:      layout_basic, overflow_temple_1_default,
          lemuel_coloured_pillars_altar, uniq_ijyb
D:4:      layout_cave_pods, lemuel_round_altar, serial_shops, shop
D:6:      kennysheep_kobold_camp, layout_loops_ring, yredelemnul_altar_generic,
          minmay_temple_entry_antechambers, minmay_statues_item
Temple:   zaba_magenta_temple

Skill      XL: |  1  2  3  4  5  6  7 |
---------------+----------------------+-----
Shields        | 4 5 6 |  6.1
Staves         | 3 4 5 6 |  6.2
Fighting       | |  3.2
Armour         | |  3.2

Action                   |  1- 3 |  4- 6 |  7- 9 || total
-------------------------+-------+-------+-------++-------
Melee: Quarterstaff      |   113 |   276 |    64 ||   453
 Abil: Dig               |     2 |       |       ||     2
  Use: Scroll            |     5 |     9 |       ||    14
Armor: Scale mail        |    37 |       |       ||    37
       Plate armour      |    13 |   168 |    14 ||   195
Dodge: Dodged            |    32 |    52 |     7 ||    91
Block: Kite shield       |    58 |   144 |    39 ||   241

Table legend: (Time is in decaauts)
 A = Elapsed time spent in this place.
 B = Non-inter-level travel time spent in this place.
 C = Inter-level travel time spent in this place.
 D = Time resting spent in this place.
 E = Time spent auto-exploring this place.
 F = Levels seen in this place.
 G = Mean time per level.
                   A        B        C        D        E       F      G
               +--------+--------+--------+--------+--------+-----+--------+
         Total |   3657 |   3551 |    106 |    370 |   2104 |   6 |  609.5 |
       Dungeon |   3578 |   3488 |     90 |    370 |   2047 |   5 |  715.6 |
        Temple |     78 |     62 |     16 |      0 |     57 |   1 |   78.0 |
               +--------+--------+--------+--------+--------+-----+--------+

Top non-repeatable levels by time:
     D:1: 1060 daAuts
     D:3: 931 daAuts
     D:4: 746 daAuts
     D:2: 667 daAuts
     D:6: 172 daAuts
  Temple: 78 daAuts
